 Dungeon Crawl Stone Soup version 0.30-a0-779-g7971cf19c3 (webtiles) character file.

Game seed: 10950784308831886810

49 themarg the Firebug (level 3, -4/24 HPs)
             Began as a Demonspawn Fire Elementalist on Feb 18, 2023.
             Slain by a gnoll
             ... wielding a +0 flail
              (8 damage)
             ... on level 2 of the Dungeon.
             The game lasted 00:06:14 (1184 turns).

themarg the Firebug (Demonspawn Fire Elementalist)  Turns: 1184, Time: 00:06:14

Health: -4/24      AC:  5    Str:  8    XL:     3   Next: 51%
Magic:  1/6        EV: 12    Int: 18    God:
Gold:   48         SH:  0    Dex: 13    Spells: 4/7 levels left

rFire   . . .      SeeInvis .    d - +0 short sword
rCold   . . .      Faith    .    (no shield)
rNeg    . . .      Spirit   .    a - +0 robe
rPois   .          Reflect  .    (no helmet)
rElec   .          Harm     .    (no cloak)
rCorr   .          Rampage  .    (no gloves)
Will    .....                    f - +2 pair of boots
Stlth   ++                       (no amulet)
HPRegen 0.24/turn                (no ring)
MPRegen 0.10/turn                (no ring)

@: no status effects
A: spiny 1
a: no special abilities


You were on level 2 of the Dungeon.
You visited 1 branch of the dungeon, and saw 2 of its levels.

You collected 48 gold pieces.

Inventory:

Hand Weapons
 d - a +0 short sword (weapon)
Missiles
 c - 9 stones
Armour
 a - a +0 robe (worn)
 f - a +2 pair of boots (worn)
Scrolls
 g - a scroll of vulnerability {unknown}
Potions
 b - a potion of magic
 e - a potion of curing {unknown}


   Skills:
 - Level 1.7 Dodging
 - Level 2.0 Stealth
 - Level 2.5 Spellcasting
 - Level 1.0 Conjurations
 + Level 3.7 Fire Magic


You had 4 spell levels left.
You knew the following spells:

 Your Spells              Type           Power      Damage    Failure   Level
a - Foxfire               Conj/Fire      40%        2x1d6     6%          1
b - Scorch                Fire           30%        2d7       5%          2

Your spell library contained the following spells:

 Spells                   Type           Power      Damage    Failure   Level
 Inner Flame              Hex/Fire       9%         N/A       24%         3
 Kindle Blastsparks       Fire/Tloc/Air  12%        2d11      30%         3
 Flame Wave               Conj/Fire      10%        2d6       54%         4


Dungeon Overview and Level Annotations

Branches:
Dungeon (2/15)

Altars:


Innate Abilities, Weirdness & Mutations

You are partially covered in sharp spines.


Message History

You see here a worm corpse.
You now have 38 gold pieces (gained 10).
There is an open door here.
You open the door.
A goblin comes into view. It is wielding a +0 club.
Found an escape hatch in the floor.
Flames lash the goblin.
You kill the goblin!
There is an open door here.
Things that are here:
a +0 club; a goblin corpse You now have 48 gold pieces (gained 10).
There is an escape hatch in the floor here.
You open the door.
A gnoll comes into view. It is wielding a +0 club.
The gnoll shouts!
You hear a shout! x3
There is an open door here.
Flames lash the gnoll.
The gnoll is almost dead.
The gnoll's fire resistance burns away.
Flames lash the gnoll.
The gnoll is burned terribly!
You kill the gnoll!
A gnoll comes into view. It is wielding a +0 spear.
Flames lash the gnoll.
The gnoll is heavily wounded.
The gnoll's fire resistance burns away.
A gnoll comes into view. It is wielding a +0 flail.
You don't have enough magic to cast this spell.
The gnoll barely misses you.
There is an open door here.
The gnoll is no longer more vulnerable to fire.
The gnoll hits you from afar with a +0 spear.
The gnoll hits you from afar with a +0 spear.
There is an open door here.
The gnoll attacks as you move away! The gnoll is struck by your spines.
The gnoll hits you with a +0 flail!
* * * LOW HITPOINT WARNING * * *
The gnoll attacks as you move away! The gnoll is struck by your spines.
The gnoll hits you with a +0 flail!
You die...

###### #....# #....#
#....#
##################.)>.#
#...............@gg...#
#.#######......###....#
#.#.....'......# #....#
#.#.#####.)....# #....#
#.#)# #......# #....#
#.#.# #......# #....#
#.#.# #####'## #...^#
#.#.# #.# #....# #.#<#
#.# ###'#####.#


You could see 2 gnolls.

Vanquished Creatures
  A gnoll (D:2)
  An adder (D:2)
  A worm (D:2)
  2 ball pythons (D:1)
  3 endoplasms
  2 giant cockroaches (D:1)
  3 goblins
  2 hobgoblins
  4 kobolds
  2 quokkas (D:1)
  2 frilled lizards (D:1)
  2 rats (D:1)
25 creatures vanquished.

Vanquished Creatures (others)
  50 foxfires (D:1)
50 creatures vanquished.

Grand Total: 75 creatures vanquished

Notes
Turn   | Place    | Note
-------+----------+-------------------------------------------
     0 | D:1      | themarg the Demonspawn Fire Elementalist began the quest
                  | for the Orb.
     0 | D:1      | Reached XP level 1. HP: 13/13 MP: 3/3
   331 | D:1      | Gained mutation: You are partially covered in sharp spines.
                  | [demonic ancestry]
   331 | D:1      | Reached XP level 2. HP: 19/19 MP: 1/5
   466 | D:1      | Reached skill level 3 in Fire Magic
   573 | D:1      | Learned a level 2 spell: Scorch
   880 | D:2      | Reached XP level 3. HP: 24/24 MP: 1/6
  1184 | D:2      | Slain by a gnoll

Illustrated notes

Levels and vault maps discovered:
D:1:      giann_bridges, layout_basic
D:2:      layout_basic, roderic_roman_lattice

Skill      XL: |  1  2 |
---------------+-------+-----
Stealth        | 2 |  2.0
Fire Magic     | 3 |  3.7
Dodging        | |  1.7
Spellcasting   | |  2.5
Conjurations   | |  1.0

Action                     || total
---------------------------++-------
  Melee: Unarmed           ||     1
         Short sword       ||     5
   Cast: Foxfire           ||    30
         Scorch            ||    17
 Armour: Robe              ||     1
  Dodge: Dodged            ||    15

Table legend: (Time is in decaauts)
 A = Elapsed time spent in this place.
 B = Non-inter-level travel time spent in this place.
 C = Inter-level travel time spent in this place.
 D = Time resting spent in this place.
 E = Time spent auto-exploring this place.
 F = Levels seen in this place.
 G = Mean time per level.
                   A        B        C        D        E       F      G
               +--------+--------+--------+--------+--------+-----+--------+
         Total |   1183 |   1157 |     26 |    134 |    782 |   2 |  591.5 |
       Dungeon |   1183 |   1157 |     26 |    134 |    782 |   2 |  591.5 |
               +--------+--------+--------+--------+--------+-----+--------+

Top non-repeatable levels by time:
     D:1: 869 daAuts
     D:2: 313 daAuts
